 Dungeon Crawl Stone Soup version 0.26-a0-682-g294304f6e8 (webtiles) character file.

Game seed: 6120438105662133463

668 dickylongcocking the Geomancer (level 7, -5/55 HPs)
             Began as a Deep Dwarf Earth Elementalist on Oct 21, 2020.
             Killed from afar by a white imp (9 damage)
             ... with a puff of frost
             ... on level 7 of the Dungeon.
             The game lasted 00:05:34 (3794 turns).

dickylongcocking the Geomancer (DDEE)               Turns: 3794, Time: 00:05:34

Health: -5/55      AC:  7    Str: 12    XL:     7   Next: 32%
Magic:  9/9        EV: 11    Int: 17    God:
Gold:   247        SH:  0    Dex: 13    Spells: 5/9 levels left

rFire    . . .     SeeInvis .   f - +4 dagger (venom)
rCold    . . .     Faith    .   (no shield)
rNeg     . . .     Spirit   .   h - +0 ring mail (curse)
rPois    .         Reflect  .   (no helmet)
rElec    .         Harm     .   (no cloak)
rCorr    .         Rampage  .   s - +0 pair of gloves
MR       ++...                  (no boots)
Stlth    +.........             (no amulet)
HPRegen  0.00/turn              (no ring)
MPRegen  0.11/turn              (no ring)

@: non-regenerating
A: damage resistance, heal wounds, talons 1, magic resistance 1, sense
surroundings 1, wild magic 1, no regeneration
a: Heal Wounds


You were on level 7 of the Dungeon.
You visited 1 branch of the dungeon, and saw 5 of its levels.

You collected 247 gold pieces.

Inventory:

Hand Weapons
 b - a +0 hand axe
 f - a +4 dagger of venom (weapon)
 m - a +0 battleaxe
 p - a +0 dagger of speed
Missiles
 n - 4 stones (quivered)
Armour
 c - a +0 robe
 h - a cursed +0 ring mail (worn)
 k - a cursed +0 plate armour
 s - a +0 pair of gloves (worn)
Scrolls
 a - 2 scrolls of fog {unknown}
 d - a scroll of noise {unknown}
 e - a scroll of enchant weapon {unknown}
 g - 2 scrolls of remove curse {unknown}
 j - 2 scrolls of fear {unknown}
 l - 4 scrolls of teleportation {unknown}
 o - a scroll of amnesia {unknown}
 q - 4 scrolls of identify {unknown}
 u - a scroll of holy word {unknown}
Potions
 i - 2 potions of haste


   Skills:
 - Level 3.1 Axes
 + Level 3.9 Armour
 - Level 2.1 Dodging
 - Level 2.4 Stealth
 - Level 1.7 Spellcasting
   Level 0.8 Transmutations
 * Level 9.2 Earth Magic


You had 5 spell levels left.
You knew the following spells:

 Your Spells              Type           Power        Failure   Level
a - Sandblast             Erth           #####.       1%          1
b - Stone Arrow           Conj/Erth      ###...       26%         3

Your spell library contained the following spells:

 Spells                   Type           Power        Failure   Level
 Passwall                 Tmut/Erth      ###.....     13%         2
 Lee's Rapid Deconstruct  Erth           #####.....   34%         5
 Petrify                  Tmut/Erth      ###.....     56%         4


Dungeon Overview and Level Annotations

Branches:
Dungeon (4/15)
 Temple: D:4-7

Altars:
Ashenzari


Innate Abilities, Weirdness & Mutations

You are resistant to damage.
You can heal yourself by infusing magical energy.
You passively map a small area around you.
You do not regenerate.
You have sharp toenails.
You are resistant to hostile enchantments. (MR+)
Your spells are a little harder to cast, but a little more powerful.


Message History

You start resting.
You are no longer poisoned.
You start resting.
Your extra speed is starting to run out.
You start resting.
You feel yourself slow down.
You feel a little less mighty now.
Magic restored.
Found a stone staircase leading down.
You now have 247 gold pieces (gained 7).
Found a long sword.
Found a rapier.
A white imp comes into view.
The white imp shouts, "Slither home, thou horrid stone-broke ratsbane!"
The white imp gestures at you. The puff of frost hits you.
Found 26 stones.
The white imp gestures at you. The puff of frost hits you!
You die...

#.........# ,
#.......#
#.........# , ,
#.......#
###.......##### *
#########
#...........# *
#.......###.# ,, ,
#.........#+###### ,
* #......>..........
,
...................
,
.........)..@...)...
,,
...............5..(.
...................
, .......#.........$
* ......##.........
*#..... #......... ,
.... ..######## *
*##


You could see a white imp.

Vanquished Creatures
  A phantom (D:7)
  A centaur (D:7)
  A bullfrog (D:7)
  4 killer bees (D:7)
  2 orc wizards (D:3)
  A worker ant (D:7)
  A hound zombie (D:7)
  Robin (D:3)
  4 adders
  A shadow imp (D:7)
  4 worms
  4 leopard geckos
  14 orcs
  A giant cockroach (D:1)
  18 goblins
  5 hobgoblins
  2 jackals (D:2)
  3 quokkas (D:2)
  3 ball pythons
  12 bats
  3 frilled lizards
  5 kobolds
  A leopard gecko skeleton (D:7)
  5 rats
97 creatures vanquished.

Notes
Turn   | Place    | Note
-------+----------+-------------------------------------------
     0 | D:1      | dickylongcocking the Deep Dwarf Earth Elementalist began
                  | the quest for the Orb.
     0 | D:1      | Reached XP level 1. HP: 15/15 MP: 3/3
   513 | D:1      | Reached XP level 2. HP: 22/22 MP: 2/4
   614 | D:1      | Reached skill level 5 in Earth Magic
  1431 | D:2      | Reached XP level 3. HP: 22/28 MP: 1/5
  1699 | D:2      | Reached skill level 1 in Axes
  1982 | D:2      | Learned a level 3 spell: Stone Arrow
  2000 | D:2      | Reached skill level 6 in Earth Magic
  2078 | D:3      | Reached XP level 4. HP: 36/36 MP: 6/6
  2185 | D:3      | Reached skill level 1 in Armour
  2245 | D:3      | Reached XP level 5. HP: 7/42 MP: 0/7
  2799 | D:3      | Noticed Robin
  2831 | D:2      | Gained mutation: Your spells are a little harder to cast,
                  | but a little more powerful. [potion of mutation]
  2831 | D:2      | Gained mutation: You have sharp toenails. [potion of
                  | mutation]
  2831 | D:2      | Gained mutation: You are resistant to hostile enchantments.
                  | (MR+) [potion of mutation]
  2909 | D:3      | HP: 2/42 [goblin/+0 dagger of speed[Robin] (1)]
  2924 | D:3      | Killed Robin
  3074 | D:4      | Reached skill level 7 in Earth Magic
  3151 | D:4      | Found a broken altar of Ashenzari.
  3216 | D:4      | You fall into a shaft and drop 3 floors!
  3307 | D:7      | Reached XP level 6. HP: 9/49 MP: 6/8
  3379 | D:7      | Reached skill level 8 in Earth Magic
  3676 | D:7      | Reached XP level 7. HP: 10/55 MP: 7/9
  3678 | D:7      | HP: 1/55 [killer bee (6)]
  3690 | D:7      | Reached skill level 9 in Earth Magic
  3794 | D:7      | Killed from afar by a white imp

Illustrated notes

Levels and vault maps discovered:
D:1:      minmay_arrival_four_houses, layout_basic, glass_columns_c
D:2:      layout_rooms, grunt_decor_cap
D:3:      layout_rooms, uniq_robin
D:4:      layout_basic, ashenzari_altar_1, uniq_blork_the_orc
D:7:      layout_basic

Skill      XL: |  1  2  3  4  5  6  7 |
---------------+----------------------+-----
Earth Magic    | 5 6 7 8 9 |  9.2
Axes           | 1 2 3 |  3.1
Armour         | 1 2 3 |  3.9
Dodging        | |  2.1
Stealth        | |  2.4
Spellcasting   | |  1.7
Transmutations | |  0.8

Action                   |  1- 3 |  4- 6 |  7- 9 || total
-------------------------+-------+-------+-------++-------
Melee: Hand axe          |    30 |    42 |       ||    72
       Unarmed           |     1 |       |       ||     1
       Battleaxe         |       |    15 |       ||    15
       Kick              |       |     9 |     1 ||    10
       Dagger            |       |     3 |     3 ||     6
 Cast: Sandblast         |    58 |    68 |     8 ||   134
 Abil: Heal Wounds       |       |       |     1 ||     1
  Use: Potion            |     2 |    11 |     4 ||    17
Armor: Robe              |     2 |       |       ||     2
       Ring mail         |    36 |    44 |    10 ||    90
       Skin              |       |    39 |       ||    39
Dodge: Dodged            |    52 |    72 |    23 ||   147

Table legend: (Time is in decaauts)
 A = Elapsed time spent in this place.
 B = Non-inter-level travel time spent in this place.
 C = Inter-level travel time spent in this place.
 D = Time resting spent in this place.
 E = Time spent auto-exploring this place.
 F = Levels seen in this place.
 G = Mean time per level.
                   A        B        C        D        E       F      G
               +--------+--------+--------+--------+--------+-----+--------+
         Total |   3834 |   3707 |    127 |    348 |   2618 |   5 |  766.8 |
       Dungeon |   3834 |   3707 |    127 |    348 |   2618 |   5 |  766.8 |
               +--------+--------+--------+--------+--------+-----+--------+

Top non-repeatable levels by time:
     D:1: 1261 daAuts
     D:3: 1021 daAuts
     D:2: 847 daAuts
     D:7: 559 daAuts
     D:4: 144 daAuts
